 Dungeon Crawl Stone Soup version 0.30-a0-165-g1891117ce2 (webtiles) character file.

Game seed: 16881673847328301961

4998 qw the Cleaver (level 10, -4/63 HPs)
             Began as a Gargoyle Fighter on Sept 28, 2022.
             Was a Priest of Okawaru.
             Killed by divine providence
             ... invoked by an orc priest
              (11 damage)
             ... on level 8 of the Dungeon.
             The game lasted 00:03:05 (8149 turns).

qw the Cleaver (Gargoyle Fighter)                   Turns: 8149, Time: 00:03:05

Health: -4/63      AC: 23    Str: 24    XL:     10   Next: 54%
Magic:  13/13      EV:  8    Int:  9    God:    Okawaru [***...]
Gold:   302        SH: 11    Dex:  9    Spells: 9/9 levels left

rFire   + . .      SeeInvis .    r - +8 mithril axe "Arga" {speed, Will+}
rCold   . . .      Faith    .    c - +0 buckler
rNeg    + . .      Spirit   .    l - +1 plate armour
rPois   inf        Reflect  +    (no helmet)
rElec   +          Harm     .    (no cloak)
rCorr   .          Rampage  .    (no gloves)
Will    +....                    (no boots)
Stlth   ..........               o - amulet of reflection
HPRegen 0.20/turn                i - +4 ring of slaying {mikee}
MPRegen 0.13/turn                p - ring of protection from fire

@: heroic
A: sickness immunity, AC +7, negative energy resistance 1, electricity
resistance, torment resistance 1, petrification resistance
a: Renounce Religion, Heroism


You were on level 8 of the Dungeon.
You worshipped Okawaru.
Okawaru was most pleased with you.
You visited 2 branches of the dungeon, and saw 9 of its levels.

You collected 449 gold pieces.
You spent 147 gold pieces at shops.


Innate Abilities, Weirdness & Mutations

You are immune to sickness and miasma.
Your stone body is resilient. (AC +7)
You are immune to poison.
You resist negative energy. (rN+)
You are resistant to electric shocks. (rElec)
You are resistant to unholy torment.
You are immune to petrification.


   Skills:
 - Level 7.1(12.1) Fighting
 - Level 10.1(15.1) Axes
 - Level 3.4(8.4) Throwing
 + Level 5.8(10.8) Armour
 - Level 1.2(6.2) Dodging
 - Level 6.5(11.5) Shields
 - Level 4.1 Invocations


You had 9 spell levels left.
You didn't know any spells.
Your spell library was empty.

Inventory:

Hand Weapons
 g - a +4 flail
 r - the +8 mithril axe "Arga" (weapon) {speed, Will+}
   (You acquired it on level 5 of the Dungeon)

   Attacks with this weapon are significantly faster.
   Will:      It increases your willpower.
Armour
 a - +0 acid dragon scales
 c - a +0 buckler (worn)
 l - a +1 plate armour (worn)
Jewellery
 i - a +4 ring of slaying (left hand) {mikee}
 o - an amulet of reflection (around neck)
 p - a ring of protection from fire (right hand)
Scrolls
 h - 6 scrolls of identify
Potions
 b - 3 potions of attraction
 d - 2 potions of might
 e - 4 potions of haste
 j - 3 potions of curing
 k - 2 potions of lignification
 m - a potion of mutation
 n - 2 potions of cancellation

Dungeon Overview and Level Annotations

Branches:
Dungeon (8/15)             Temple (1/1) D:5
   Lair: D:8-11

Altars:
Ashenzari
Cheibriados
Dithmenos
Fedhas
Gozag
Hepliaklqana
Makhleb
Nemelex Xobeh
Okawaru
Sif Muna
Trog
Uskayaw
Vehumet
Wu Jian
Xom
Yredelemnul
Zin
The Shining One

Shops:
D:3 *   D:5 [

Annotations:
D:5 2 runed translucent doors


Message History

You slice the orange demon!!
The orange demon is almost dead.
You closely miss the orc. You slash the orange demon!
You kill the orange demon!
Okawaru is honoured by your kill.
You slice the orc!!
You kill the orc!
Okawaru accepts your kill.
An orc comes into view. It is wielding a +0 dagger.
You block the orc's attack.
Things that are here:
a +0 short sword; a +0 ring mail; an orc corpse You block the orc's attack.
You hit the orc.
The orc is moderately wounded.
An orc priest comes into view. It is wielding a +0 morningstar.
The orc hits you with a +0 trident.
The orc priest shouts!
You slash the orc!
You kill the orc!
Okawaru accepts your kill.
8138 ||| FLEEEEING.
Found a scale mail, a +4 ring of slaying and a chain mail.
8139 ||| FLEEEEING.
An orc wizard comes into view. It is wielding a +0 dagger.
Things that are here:
a +0 shortbow; a centaur corpse
8140 ||| FLEEEEING.
8141 ||| FLEEEEING.
8142 ||| FLEEEEING.
8144 ||| FLEEEEING.
8145 ||| FLEEEEING.
8146 ||| FLEEEEING.
8147 ||| FLEEEEING.
8148 ||| FLEEEEING.
8149 ||| FLEEEEING.
The orc priest invokes the aid of Beogh against you.
Beogh smites you!
You die...

## ##..######.o.. .#
#############.o# ###
.#####..........##o.#
................##..#
...##...........##..#
##.##............o..#####
##.##...................#
##.......####......####.#
.........# #...@..+..#.#
###......# #......##.#.#
.##......# ##.###....#.#
.##......#####.# #..#...#
.##...)........###).<.#####
.##....%..........)..........
..#......)......###)...######
..#......####..#..)))..#
#...#+###......#.###...#


You could see an orc priest, an orc wizard and an orc.

Vanquished Creatures
  A boulder beetle (D:7)
  Amaemon (D:8)
  An orange demon (D:8)
  Maggie (D:6)
  Grum (D:8)
  A steam dragon (D:7)
  A water moccasin (D:5)
  2 orc warriors
  An ice beast (D:7)
  2 black bears
  A sky beast (D:7)
  2 wolves (D:8)
  A centaur (D:8)
  2 kobold brigands (D:6)
  A gnoll sergeant (D:8)
  A bullfrog (D:8)
  A necrophage (D:6)
  5 scorpions
  An elf skeleton (D:7)
  8 wights
  4 killer bees (D:7)
  A howler monkey (D:5)
  3 jellies
  4 hounds
  An orc priest (D:7)
  A human zombie (D:7)
  A gnoll bouda (D:6)
  A human skeleton (D:7)
  An iguana (D:6)
  5 orc wizards
  12 gnolls
  13 adders
  A white imp (D:6)
  2 worms (D:2)
  3 dart slugs
  26 orcs
  5 ball pythons
  9 bats
  7 endoplasms
  2 giant cockroaches (D:2)
  12 goblins
  5 hobgoblins
  18 kobolds
  6 quokkas
  A frilled lizard (D:2)
  2 orc skeletons (D:7)
  An orc zombie (D:7)
  11 rats
193 creatures vanquished.

Vanquished Creatures (others)
  An orc wizard (D:7)
  2 plants (D:1)
3 creatures vanquished.

Grand Total: 196 creatures vanquished

Notes
Turn   | Place    | Note
-------+----------+-------------------------------------------
     0 | D:1      | qw the Gargoyle Fighter began the quest for the Orb.
     0 | D:1      | Reached XP level 1. HP: 14/14 MP: 1/1
     0 | D:1      | 0 ||| qw: Version: 0.2-a-12-gaebbb33
     0 | D:1      | 0 ||| qw: Game counter: 900
     0 | D:1      | 0 ||| qw: Always use a shield: true
     0 | D:1      | 0 ||| qw: God list: Okawaru
     0 | D:1      | 0 ||| qw: Allow faded altars: false
     0 | D:1      | 0 ||| qw: Do Orc after D:15 true
     0 | D:1      | 0 ||| qw: Do second Lair branch before Depths: true
     0 | D:1      | 0 ||| qw: Lair rune preference: random
     0 | D:1      | 0 ||| qw: Plans: Normal, Zot:1-4, God:TSO, Crypt, Tomb,
                  | Pan, Slime:5, Hells, Abyss, Orb
     0 | D:1      | 0 ||| PLANNING D:1-11
   174 | D:1      | Reached skill level 2 in Axes
   353 | D:1      | Reached XP level 2. HP: 19/19 MP: 2/2
   411 | D:1      | Found a faded altar of an unknown god.
   689 | D:1      | Reached skill level 3 in Axes
   810 | D:1      | Reached XP level 3. HP: 22/23 MP: 3/3
  1024 | D:1      | 1024 ||| Stepping ~*~*~tactically~*~*~ (hiding).
  1093 | D:1      | 1093 ||| UPGRADING to +0 chain mail.
  1103 | D:1      | 1103 ||| DROPPING +0 scale mail.
  1104 | D:1      | 1104 ||| UPGRADING to +0 plate armour.
  1114 | D:1      | 1114 ||| DROPPING +0 chain mail.
  1115 | D:1      | 1115 ||| READING scroll labelled CUEFOCSEGENO.
  1116 | D:1      | 1116 ||| READING scroll labelled LYPNEO SELEKHA.
  1117 | D:1      | 1117 ||| READING scroll labelled XUEM TUXORR.
  1118 | D:1      | 1118 ||| READING scroll labelled DAONOE CENE.
  1119 | D:1      | 1119 ||| READING scroll labelled WUEC WELUIPS.
  1575 | D:2      | 1575 ||| Stepping ~*~*~tactically~*~*~ (stealth).
  1815 | D:2      | 1815 ||| Stepping ~*~*~tactically~*~*~ (stealth).
  1838 | D:2      | 1838 ||| READING scroll of enchant armour.
  1838 | D:2      | 1838 ||| ENCHANTING +0 plate armour.
  1860 | D:2      | 1860 ||| Stepping ~*~*~tactically~*~*~ (stealth).
  1892 | D:2      | Reached XP level 4. HP: 28/28 MP: 4/4
  2154 | D:2      | Reached skill level 4 in Axes
  2436 | D:2      | 2436 ||| READING 3 scrolls labelled POUFAM DEAFRAH.
  2440 | D:2      | 2440 ||| READING scroll labelled SUEPLO VEDUDA.
  2492 | D:2      | 2492 ||| DRINKING 2 fuming sapphire potions.
  2493 | D:2      | 2493 ||| DRINKING 4 purple potions.
  2494 | D:2      | 2494 ||| READING 3 scrolls of identify.
  2494 | D:2      | 2494 ||| IDENTIFYING lumpy cyan potion
  2495 | D:2      | 2495 ||| READING 2 scrolls of identify.
  2495 | D:2      | 2495 ||| IDENTIFYING blue potion
  2496 | D:2      | 2496 ||| DROPPING potion of magic.
  2497 | D:2      | 2497 ||| DROPPING potion of degeneration.
  2539 | D:3      | 2539 ||| Stepping ~*~*~tactically~*~*~ (stealth).
  2545 | D:3      | 2545 ||| Stepping ~*~*~tactically~*~*~ (stealth).
  2589 | D:3      | 2589 ||| Stepping ~*~*~tactically~*~*~ (hiding).
  2590 | D:3      | 2590 ||| Stepping ~*~*~tactically~*~*~ (hiding).
  2698 | D:3      | 2698 ||| Stepping ~*~*~tactically~*~*~ (stealth).
  3081 | D:3      | Found Hutzesh's General Store.
  3089 | D:3      | 3089 ||| BUYING +0 flail (49 gold).
  3089 | D:3      | Bought a +0 flail for 49 gold pieces
  3089 | D:3      | 3089 ||| SHOPLISTING +4 plate armour of cold resistance
                  | (700 gold, have 159).
  3089 | D:3      | 3089 ||| BUYING scroll of identify (28 gold).
  3089 | D:3      | Bought a scroll of identify for 28 gold pieces
  3089 | D:3      | 3089 ||| BUYING scroll of identify (28 gold).
  3089 | D:3      | Bought a scroll of identify for 28 gold pieces
  3089 | D:3      | 3089 ||| BUYING scroll of teleportation (42 gold).
  3089 | D:3      | Bought a scroll of teleportation for 42 gold pieces
  3089 | D:3      | 3089 ||| DROPPING +0 club.
  3167 | D:3      | Found a hide-covered altar of Uskayaw.
  3483 | D:3      | 3483 ||| READING scroll labelled AXERI NYKHU.
  3484 | D:3      | 3484 ||| DRINKING 3 sapphire potions.
  3524 | D:4      | 3524 ||| Stepping ~*~*~tactically~*~*~ (stealth).
  3532 | D:4      | Reached XP level 5. HP: 32/32 MP: 5/5
  3536 | D:4      | Identified the +0 robe "Doadd" {MP+9 Int+4}
  3587 | D:4      | Identified the +1 leather armour of Restlessness {rN+
                  | Int+4}
  3642 | D:4      | Found a blossoming altar of Fedhas.
  3718 | D:4      | 3718 ||| Stepping ~*~*~tactically~*~*~ (stealth).
  3780 | D:4      | 3780 ||| Stepping ~*~*~tactically~*~*~ (hiding).
  3787 | D:4      | Reached skill level 5 in Axes
  3975 | D:4      | Reached XP level 6. HP: 38/38 MP: 6/6
  4021 | D:4      | Found an opulent altar of Gozag.
  4096 | D:4      | 4096 ||| UPGRADING to amulet of regeneration.
  4101 | D:4      | 4101 ||| UPGRADING to amulet of reflection.
  4111 | D:4      | 4111 ||| DROPPING amulet of regeneration.
  4112 | D:4      | 4112 ||| UPGRADING to +4 ring of slaying {mikee}.
  4113 | D:4      | 4113 ||| READING 4 scrolls of identify.
  4113 | D:4      | 4113 ||| IDENTIFYING glowing golden potion
  4114 | D:4      | 4114 ||| READING 3 scrolls of identify.
  4114 | D:4      | 4114 ||| IDENTIFYING coppery potion
  4115 | D:4      | 4115 ||| READING 2 scrolls of identify.
  4115 | D:4      | 4115 ||| IDENTIFYING orange potion
  4157 | D:5      | Entered Level 5 of the Dungeon
  4221 | D:5      | Noticed a black bear
  4225 | D:5      | 4225 ||| Stepping ~*~*~tactically~*~*~ (stealth).
  4230 | D:5      | Killed a black bear
  4261 | D:5      | Reached skill level 6 in Axes
  4263 | D:5      | Found a staircase to the Ecumenical Temple.
  4264 | D:5      | 4264 ||| PLANNING TEMPLE
  4276 | D:5      | Noticed a water moccasin
  4287 | D:5      | Killed a water moccasin
  4288 | D:5      | Reached XP level 7. HP: 32/43 MP: 7/7
  4329 | D:5      | Reached skill level 7 in Axes
  4409 | Temple   | Entered the Ecumenical Temple
  4611 | Temple   | 4611 ||| PLANNING OKAWARU WORSHIP
  4615 | Temple   | Became a worshipper of Warmaster Okawaru
  4616 | Temple   | 4616 ||| PLANNING D:1-11
  4794 | D:5      | Found a runed translucent door.
  4796 | D:5      | Found a runed translucent door.
  4825 | D:5      | Found Xeren's Antique Armour Boutique.
  4865 | D:5      | 4865 ||| SHOPLISTING faintly humming chain mail (266 gold,
                  | have 105).
  4865 | D:5      | 4865 ||| SHOPLISTING kite shield (126 gold, have 105).
  4865 | D:5      | 4865 ||| SHOPLISTING pair of gloves (126 gold, have 105).
  5020 | D:5      | Reached skill level 1 in Dodging
  5084 | D:5      | 5084 ||| DROPPING amulet of guardian spirit.
  5119 | D:6      | Reached XP level 8. HP: 44/49 MP: 8/8
  5120 | D:6      | 5120 ||| FLEEEEING.
  5121 | D:6      | 5121 ||| FLEEEEING.
  5122 | D:6      | 5122 ||| FLEEEEING.
  5161 | D:6      | Noticed Maggie
  5172 | D:6      | HP: 8/49 [Maggie/+0 glaive of pain (7)]
  5173 | D:6      | 5173 ||| READING 3 scrolls of teleportation.
  5176 | D:6      | 5176 ||| READING 2 scrolls of teleportation.
  5181 | D:6      | 5181 ||| READING scroll of teleportation.
  5186 | D:6      | 5186 ||| FLEEEEING.
  5187 | D:6      | 5187 ||| FLEEEEING.
  5188 | D:6      | 5188 ||| FLEEEEING.
  5189 | D:6      | 5189 ||| FLEEEEING.
  5190 | D:6      | 5190 ||| FLEEEEING.
  5193 | D:6      | 5193 ||| FLEEEEING.
  5194 | D:6      | 5194 ||| FLEEEEING.
  5195 | D:6      | 5195 ||| FLEEEEING.
  5196 | D:6      | 5196 ||| FLEEEEING.
  5202 | D:6      | 5202 ||| FLEEEEING.
  5203 | D:6      | 5203 ||| STAIRDANCE
  5436 | D:6      | 5436 ||| STAIRDANCE
  5497 | D:6      | HP: 11/49 [Maggie/+0 glaive of pain (5)]
  5499 | D:6      | Killed Maggie
  5499 | D:6      | Reached * piety under Okawaru
  5500 | D:6      | Reached skill level 3 in Throwing
  5780 | D:6      | 5780 ||| Stepping ~*~*~tactically~*~*~ (stealth).
  5783 | D:6      | 5783 ||| INVOKING Heroism.
  5794 | D:6      | 5794 ||| INVOKING Heroism.
  5801 | D:6      | Reached skill level 1 in Invocations
  5805 | D:6      | 5805 ||| INVOKING Heroism.
  5806 | D:6      | 5806 ||| INVOKING Heroism.
  5910 | D:6      | 5910 ||| Stepping ~*~*~tactically~*~*~ (stealth).
  5911 | D:6      | 5911 ||| Stepping ~*~*~tactically~*~*~ (stealth).
  5912 | D:6      | 5912 ||| INVOKING Heroism.
  6070 | D:6      | 6070 ||| Stepping ~*~*~tactically~*~*~ (stealth).
  6078 | D:6      | 6078 ||| Stepping ~*~*~tactically~*~*~ (stealth).
  6081 | D:6      | Reached skill level 3 in Invocations
  6135 | D:6      | 6135 ||| Stepping ~*~*~tactically~*~*~ (hiding).
  6144 | D:6      | 6144 ||| Stepping ~*~*~tactically~*~*~ (stealth).
  6147 | D:6      | 6147 ||| FLEEEEING.
  6148 | D:6      | 6148 ||| FLEEEEING.
  6149 | D:6      | 6149 ||| FLEEEEING.
  6150 | D:6      | 6150 ||| FLEEEEING.
  6151 | D:6      | 6151 ||| FLEEEEING.
  6152 | D:6      | 6152 ||| FLEEEEING.
  6153 | D:6      | 6153 ||| FLEEEEING.
  6155 | D:6      | 6155 ||| FLEEEEING.
  6156 | D:6      | 6156 ||| FLEEEEING.
  6157 | D:6      | 6157 ||| FLEEEEING.
  6158 | D:6      | 6158 ||| FLEEEEING.
  6159 | D:6      | 6159 ||| FLEEEEING.
  6160 | D:6      | 6160 ||| FLEEEEING.
  6161 | D:6      | 6161 ||| FLEEEEING.
  6167 | D:6      | 6167 ||| FLEEEEING.
  6168 | D:6      | 6168 ||| FLEEEEING.
  6169 | D:6      | 6169 ||| FLEEEEING.
  6170 | D:6      | 6170 ||| FLEEEEING.
  6172 | D:6      | 6172 ||| FLEEEEING.
  6173 | D:6      | 6173 ||| FLEEEEING.
  6174 | D:6      | 6174 ||| FLEEEEING.
  6175 | D:6      | 6175 ||| FLEEEEING.
  6181 | D:6      | 6181 ||| FLEEEEING.
  6182 | D:6      | 6182 ||| STAIRDANCE
  6236 | D:5      | 6236 ||| UPGRADING to ring of protection from fire.
  6237 | D:5      | 6237 ||| READING scroll labelled OMMEARELAS.
  6237 | D:5      | Identified a scroll of acquirement
  6237 | D:5      | 6237 ||| ACQUIRING +8 mithril axe "Arga" {speed, Will+}
  6237 | D:5      | Acquired the +8 mithril axe "Arga" {speed, Will+}
  6237 | D:5      | Found the +8 mithril axe "Arga" {speed, Will+}
  6239 | D:5      | 6239 ||| SWAPPING to +8 mithril axe "Arga" {speed, Will+}.
  6240 | D:5      | 6240 ||| DROPPING +0 war axe.
  6241 | D:5      | 6241 ||| READING scroll labelled JAZEL YSAFUDGH.
  6360 | D:6      | 6360 ||| INVOKING Heroism.
  6366 | D:6      | Reached skill level 8 in Axes
  6366 | D:6      | Reached XP level 9. HP: 54/54 MP: 8/11
  6509 | D:6      | 6509 ||| Stepping ~*~*~tactically~*~*~ (stealth).
  6686 | D:6      | 6686 ||| Stepping ~*~*~tactically~*~*~ (hiding).
  6811 | D:6      | Found an ornate altar of the Wu Jian Council.
  6885 | D:7      | 6885 ||| PLANNING OSSUARY
  6885 | D:7      | 6885 ||| STAIRDANCE
  6926 | D:7      | 6926 ||| Stepping ~*~*~tactically~*~*~ (hiding).
  6932 | D:7      | 6932 ||| INVOKING Heroism.
  6935 | D:7      | Reached skill level 6 in Fighting
  6958 | D:7      | 6958 ||| INVOKING Heroism.
  6968 | D:7      | 6968 ||| Stepping ~*~*~tactically~*~*~ (stealth).
  7030 | D:7      | 7030 ||| Stepping ~*~*~tactically~*~*~ (stealth).
  7110 | D:7      | 7110 ||| INVOKING Heroism.
  7112 | D:7      | Noticed a boulder beetle
  7132 | D:7      | Reached skill level 9 in Axes
  7140 | D:7      | 7140 ||| INVOKING Heroism.
  7140 | D:7      | HP: 7/55 [boulder beetle (33)]
  7141 | D:7      | 7141 ||| READING scroll of teleportation.
  7468 | D:7      | 7468 ||| DROPPING +0 flail.
  7483 | D:7      | 7483 ||| INVOKING Heroism.
  7491 | D:7      | Killed a boulder beetle
  7491 | D:7      | Reached ** piety under Okawaru
  7492 | D:7      | Reached skill level 6 in Shields
  7560 | D:7      | 7560 ||| RIP OSSUARY
  7574 | D:7      | 7574 ||| PLANNING D:1-11
  7593 | D:7      | 7593 ||| Stepping ~*~*~tactically~*~*~ (stealth).
  7594 | D:7      | 7594 ||| Stepping ~*~*~tactically~*~*~ (stealth).
  7740 | D:7      | Reached XP level 10. HP: 60/60 MP: 13/13
  7842 | D:7      | 7842 ||| DRINKING 3 smoky amethyst potions.
  7843 | D:7      | 7843 ||| DROPPING 2 potions of brilliance.
  7868 | D:8      | Reached *** piety under Okawaru
  7870 | D:8      | 7870 ||| Stepping ~*~*~tactically~*~*~ (hiding).
  7873 | D:8      | 7873 ||| Stepping ~*~*~tactically~*~*~ (stealth).
  7877 | D:8      | 7877 ||| INVOKING Heroism.
  7882 | D:8      | 7882 ||| Stepping ~*~*~tactically~*~*~ (hiding).
  7883 | D:8      | 7883 ||| Stepping ~*~*~tactically~*~*~ (hiding).
  7974 | D:8      | Noticed Grum
  7975 | D:8      | 7975 ||| INVOKING Heroism.
  7988 | D:8      | Killed Grum
  8025 | D:8      | 8025 ||| INVOKING Heroism.
  8102 | D:8      | 8102 ||| Stepping ~*~*~tactically~*~*~ (hiding).
  8103 | D:8      | Noticed Amaemon
  8104 | D:8      | 8104 ||| INVOKING Heroism.
  8105 | D:8      | Noticed an orange demon
  8121 | D:8      | HP: 11/63 [Amaemon/+1 demon whip of venom (7)]
  8126 | D:8      | HP: 8/63 [orange demon[Amaemon] (3)]
  8128 | D:8      | Killed Amaemon
  8129 | D:8      | Reached skill level 10 in Axes
  8130 | D:8      | 8130 ||| INVOKING Heroism.
  8133 | D:8      | Killed an orange demon
  8136 | D:8      | HP: 4/63 [orc/+0 trident (3)]
  8138 | D:8      | 8138 ||| FLEEEEING.
  8139 | D:8      | 8139 ||| FLEEEEING.
  8140 | D:8      | 8140 ||| FLEEEEING.
  8141 | D:8      | 8141 ||| FLEEEEING.
  8142 | D:8      | 8142 ||| FLEEEEING.
  8144 | D:8      | 8144 ||| FLEEEEING.
  8145 | D:8      | 8145 ||| FLEEEEING.
  8146 | D:8      | 8146 ||| FLEEEEING.
  8147 | D:8      | 8147 ||| FLEEEEING.
  8148 | D:8      | 8148 ||| FLEEEEING.
  8149 | D:8      | 8149 ||| FLEEEEING.
  8149 | D:8      | Killed from afar by an orc priest

Levels and vault maps discovered:
D:1:      wander_arrival_peaceful_grave, layout_loops_ring,
          shapermc_ecumenical_altar_rom_forum, minmay_pentomino_p2
D:2:      minmay_thinvault, layout_basic, eino_tiny_chamber, minmay_misc_feat_x
D:3:      layout_basic, nicolae_uskayaw_dance_hall, serial_shops,
          nicolae_shop_statue_plus, minmay_misc_feat_pillars
D:4:      layout_cave_pools, mainiacjoe_overflow_alcove_2, lemuel_round_altar
D:5:      lemuel_insect_pit, layout_loops_ring, minmay_temple_entry_tees,
          serial_shops, nicolae_shop_window_shopping
D:6:      layout_loops_ring, mainiacjoe_overflow_alcove_4, uniq_maggie
D:7:      kennysheep_big_flooded_room, layout_gridville,
          nicolae_ossuary_entry_catacombs, minmay_misc_feat_five
D:8:      layout_basic, kennysheep_mini_moat, uniq_prince_ribbit1, uniq_amaemon,
          uniq_grum
Temple:   dpeg_chambers_temple

Skill      XL: |  1  2  3  4  5  6  7  8  9 10 |
---------------+-------------------------------+-----
Axes           | 2 3 4 5 6 7 8 9 10 | 10.1
Fighting       | 4 5 6 7 |  7.1
Dodging        | 1 |  1.2
Armour         | 4 5 |  5.8
Throwing       | 3 |  3.4
Invocations    | 3 4 |  4.1
Shields        | 6 |  6.5

Action                   |  1- 3 |  4- 6 |  7- 9 | 10-12 || total
-------------------------+-------+-------+-------+-------++-------
Melee: War axe           |   140 |   127 |   134 |       ||   401
       Broad axe         |       |       |    75 |    65 ||   140
Throw: Boomerang         |       |     3 |    29 |       ||    32
Invok: Heroism           |       |       |    10 |     5 ||    15
  Use: Scroll            |     6 |     8 |     6 |       ||    20
       Potion            |       |     3 |       |     1 ||     4
Armor: Scale mail        |    32 |       |       |       ||    32
       Plate armour      |    52 |    77 |    76 |    33 ||   238
Dodge: Dodged            |    44 |    20 |    57 |    21 ||   142
Block: Buckler           |    30 |    32 |    76 |    36 ||   174
       Reflection        |       |       |     1 |     1 ||     2

Table legend:
 A = Non-vault XP
 B = Vault XP
 C = Vault XP percentage of total XP
 D = Non-vault monster count
 E = Vault monster count
 F = Vault count percentage of total count
                 A         B        C        D         E       F
            +---------+---------+-------+---------+---------+-------
      Total |    4113 |    3027 |  42.4 |     167 |      26 |  13.5
            +---------+---------+-------+---------+---------+-------
        D:1 |      43 |       2 |   4.4 |      25 |       1 |   3.8
        D:2 |      27 |      34 |  55.7 |      16 |      12 |  42.9
        D:3 |      46 |       0 |   0.0 |      11 |       0 |   0.0
        D:4 |     188 |       0 |   0.0 |      16 |       0 |   0.0
        D:5 |     797 |       0 |   0.0 |      18 |       0 |   0.0
        D:6 |    1101 |     385 |  25.9 |      46 |       1 |   2.1
        D:7 |    1168 |     983 |  45.7 |      18 |       7 |  28.0
        D:8 |     743 |    1623 |  68.6 |      17 |       5 |  22.7
            +---------+---------+-------+---------+---------+-------
